 Dungeon Crawl Stone Soup version 0.31-a0-343-g456c268693 (webtiles) character file.

Game seed: 13119845406519339978

27 Hajna the Conjurer (level 2, 0/15 HPs)
             Began as a Deep Elf Conjurer on July 21, 2023.
             Slain by a black bear (3 damage)
             ... created by the rage of Trog
             ... on level 2 of the Dungeon.
             The game lasted 00:02:38 (1477 turns).

Hajna the Conjurer (Deep Elf Conjurer)              Turns: 1477, Time: 00:02:39

Health: 0/15       AC:  5    Str:  4    XL:     2   Next: 93%
Magic:  8/8        EV: 13    Int: 22    God:
Gold:   73         SH:  0    Dex: 13    Spells: 4/7 levels left

rFire   . . .        d - +0 short sword
rCold   . . .        (no shield)
rNeg    . . .        a - +0 robe
rPois   .            (no helmet)
rElec   .            (no cloak)
rCorr   .            j - +0 pair of gloves
SInv    .            i - +1 pair of boots
Will    .....        (no amulet)
Stlth   ++           (no ring)
HPRegen 0.22/turn    (no ring)
MPRegen 0.11/turn

%: no passive effects
@: slowed, very slow
A: no striking features
a: no special abilities


You were on level 2 of the Dungeon.
You visited 1 branch of the dungeon, and saw 3 of its levels.

You collected 73 gold pieces.

Inventory:

Hand Weapons
 d - a +0 short sword (weapon)
Armour
 a - a +0 robe (worn)
 i - a +1 pair of boots (worn)
 j - a +0 pair of gloves (worn)
Scrolls
 h - 2 scrolls of identify {unknown}
Potions
 b - 3 potions of magic
 c - 2 potions of heal wounds {unknown}
 e - a potion of degeneration {unknown}
 f - a potion of might {unknown}
 g - 2 potions of mutation {unknown}


   Skills:
 + Level 3.1 Dodging
 + Level 3.4 Stealth
 - Level 3.0 Spellcasting
 - Level 4.6 Conjurations


You had 4 spell levels left.
You knew the following spells:

 Your Spells              Type           Power      Damage    Failure   Level
a - Magic Dart            Conj           92%        1d7       1%          1
b - Searing Ray           Conj           46%        2d6       2%          2

Your spell library contained the following spells:

 Spells                   Type           Power      Damage    Failure   Level
 Dazzling Flash           Conj/Hex       26%        N/A       14%         3
 Fulminant Prism          Conj/Hex       6%         3d7       43%         4
 Iskenderun's Mystic Bla  Conj/Tloc      13%        2d5       43%         4
 Olgreb's Toxic Radiance  Pois           3%         N/A       77%         4
 Discord                  Hex            1%         N/A       100%        8
 Ignition                 Fire           1%         3d3       100%        8


Dungeon Overview and Level Annotations

Branches:
Dungeon (3/15)

Altars:
Trog

Shops:
D:1 !


Message History

Found a stone.
Found a stone staircase leading up.
Things that are here:
a +0 short sword; a stone; a kobold corpse A bat comes into view.
The magic dart hits the bat.
You kill the bat!
You can't see any susceptible monsters within range! (Use Z to cast anyway.)
You can't see any susceptible monsters within range! (Use Z to cast anyway.) Done exploring.
Done exploring.
(D) Dungeon
Where to? (Enter - D:2, ? - help) Trog's voice booms out, "Feel my wrath!"
You suddenly feel lethargic!
You feel yourself slow down.
(D) Dungeon
Where to? (Enter - D:3, ? - help)
There is a stone staircase leading down here.
You climb downwards.
Found an emerald potion.
There is a stone staircase leading up here.
There are monsters nearby!
The magic dart hits the rat.
You kill the rat!
The magic dart hits the bat.
You kill the bat!
A bat comes into view.
Trog sends monsters to punish you.
A polar bear and 2 black bears come into view.
You can't go down here!
You climb upwards.
There is a stone staircase leading down here.
The black bear attacks as you move away!
The black bear closely misses you.
The black bear claws you but does no damage.
The black bear claws you. The black bear bites you!
Ouch! That really hurt!
* * * LOW HITPOINT WARNING * * *
The black bear barely misses you. The black bear claws you.
You die...

#.##.....##.######.##.....##
#.##...####.# #.#.......#
#.##.......># #.........#
#......###### ###.......#
####.### #.......# #.#
##########.####..# #.#
#.......##.####..# #.#
#.......##.......# #.#
#...@...#######.## ##.####
#..>h...# ##.# #.....#
#)......# #..# #.###.#
#.....<.# #.## #.#
#.###.......# #.#
#.###........#### #.#
#.....############# #.#
###..##########...####.#
#..# #........#......#


You could see a black bear (berserk).

Vanquished Creatures
  An adder (D:2)
  A dart slug (D:1)
  2 endoplasms
  2 goblins
  A ball python (D:1)
  6 bats
  A kobold (D:2)
  3 rats
17 creatures vanquished.

Notes
Turn   | Place    | Note
-------+----------+-------------------------------------------
     0 | D:1      | Hajna the Deep Elf Conjurer began the quest for the Orb.
     0 | D:1      | Reached XP level 1. HP: 10/10 MP: 6/6
   164 | D:1      | Found a faded altar of an unknown god.
   229 | D:1      | Prayed at the altar of an unknown god.
   229 | D:1      | Became a worshipper of Trog the Wrathful
   229 | D:1      | Reached * piety under Trog
   234 | D:1      | Fell from the grace of Trog
   476 | D:1      | Found Teuxitudd's Distillery.
   542 | D:1      | Reached XP level 2. HP: 15/15 MP: 6/8
   546 | D:1      | Learned a level 2 spell: Searing Ray
  1475 | D:3      | Noticed a black bear
  1475 | D:3      | Noticed a polar bear
  1475 | D:3      | Noticed a black bear
  1477 | D:2      | Slain by a black bear

Illustrated notes

Levels and vault maps discovered:
D:1:      matt_arrival_diagonals, layout_loops_ring,
          shapermc_ecumenical_altar_starsandcircs, serial_shops, shop
D:2:      layout_loops_cross
D:3:      layout_basic, mainiacjoe_overflow_swirl, minmay_misc_feat_roman

Skill      XL: |  1  2 |
---------------+-------+-----
Dodging        | 3 |  3.1
Stealth        | 3 |  3.4
Spellcasting   | |  3.0
Conjurations   | |  4.6

Action                     || total
---------------------------++-------
   Cast: Magic Dart        ||    25
         Searing Ray       ||     1
 Invoke: Renounce Religion ||     1
 Armour: Robe              ||     2
  Dodge: Dodged            ||     3

Table legend: (Time is in decaauts)
 A = Elapsed time spent in this place.
 B = Non-inter-level travel time spent in this place.
 C = Inter-level travel time spent in this place.
 D = Time resting spent in this place.
 E = Time spent auto-exploring this place.
 F = Levels seen in this place.
 G = Mean time per level.
                   A        B        C        D        E       F      G
               +--------+--------+--------+--------+--------+-----+--------+
         Total |   1496 |   1426 |     70 |      0 |   1327 |   3 |  498.7 |
       Dungeon |   1496 |   1426 |     70 |      0 |   1327 |   3 |  498.7 |
               +--------+--------+--------+--------+--------+-----+--------+

Top non-repeatable levels by time:
     D:1: 864 daAuts
     D:2: 616 daAuts
     D:3: 16 daAuts
